 Dungeon Crawl Stone Soup version 0.21-a0-238-geb0acef (webtiles) character file.

635 Atlas the Digger (level 7, -3/42 HPs)
             Began as an Octopode Earth Elementalist on Sept 2, 2017.
             Slain by a sky beast (4 damage)
             ... on level 5 of the Dungeon.
             The game lasted 00:07:00 (3559 turns).

Atlas the Digger (Octopode Earth Elementalist)      Turns: 3559, Time: 00:07:01

Health: -3/42      AC:  1    Str:  7    XL:     7   Next: 50%
Magic:  11/14      EV: 13    Int: 20    God:
Gold:   28         SH:  3    Dex: 12    Spells: 9/15 levels left

rFire    . . .     SeeInvis .   l - staff of earth
rCold    . . .     Gourm    .   o - +0 buckler
rNeg     . . .     Faith    .   (helmet restricted)
rPois    .         Spirit   .   (no amulet)
rElec    .         Reflect  .   (no ring)
rCorr    .         Harm     .   (no ring)
MR       .....                  (no ring)
Stlth    +++.......             (no ring)
HPRegen  0.14/turn              (no ring)
MPRegen  0.14/turn              (no ring)
                                (no ring)
                                (no ring)

@: very slightly contaminated
A: almost no armour, stealthy swim, amphibious, 8 rings, constrict 8, camouflage
1, gelatinous body 1
a: no special abilities


You were on level 5 of the Dungeon.
You were not hungry.

You visited 1 branch of the dungeon, and saw 5 of its levels.

You collected 118 gold pieces.
You spent 90 gold pieces at shops.

Inventory:

Hand Weapons
 g - a +2 short sword of venom
Missiles
 b - 122 stones (quivered)
Armour
 o - a +0 buckler (worn)
Magical Staves
 l - an uncursed staff of earth (weapon)
Jewellery
 C - an uncursed ring of ice {unknown}
Wands
 r - a wand of scattershot (5/9)
Scrolls
 e - 12 scrolls of identify {unknown}
 h - 4 scrolls of enchant armour {unknown}
 i - a scroll of teleportation {unknown}
 q - a scroll of enchant weapon {unknown}
 u - a scroll of fog {unknown}
 v - a scroll of blinking
 x - 2 scrolls of remove curse {unknown}
 y - a scroll of amnesia {unknown}
 B - a scroll of fear {unknown}
Potions
 a - a potion of mutation {unknown}
 f - a potion of invisibility {unknown}
 j - a potion of lignification {unknown}
 n - 2 potions of resistance {unknown}
 s - a potion of curing
 w - 2 potions of degeneration {unknown}
 z - a potion of agility {unknown}
 A - a potion of brilliance {unknown}
 D - a potion of flight {unknown}
Books
 d - a book of Geomancy

   Spells                             Type                      Level
   a - Sandblast                      Earth                        1
   b - Passwall                       Transmutation/Earth          2
   c - Stone Arrow                    Conjuration/Earth            3
   d - Petrify                        Transmutation/Earth          4
   e - Lee's Rapid Deconstruction     Earth                        5
Comestibles
 c - 3 bread rations
 k - a meat ration
 m - a fruit
 p - 6 chunks of flesh
 t - 3 royal jellies


   Skills:
 + Level 0.6 Fighting
 + Level 0.4 Short Blades
 + Level 1.0 Staves
 + Level 2.9 Dodging
 + Level 4.0 Stealth
 + Level 0.6 Shields
 - Level 0.2 Unarmed Combat
 + Level 4.8 Spellcasting
 + Level 1.0 Transmutations
 + Level 5.7 Earth Magic


You had 9 spell levels left.
You knew the following spells:

 Your Spells              Type           Power        Failure   Level  Hunger
a - Sandblast             Erth           #####.       1%          1    None
b - Passwall              Tmut/Erth      ####......   7%          2    #......
c - Stone Arrow           Conj/Erth      ###...       16%         3    ##.....


Dungeon Overview and Level Annotations

Branches:
Dungeon (5/15)             Temple (0/1) D:4

Altars:
Qazlal
Sif Muna

Shops:
D:4 ?


Innate Abilities, Weirdness & Mutations

You cannot wear most types of armour.
You are very stealthy in the water. (Stealth+)
You are amphibious.
You can wear up to eight rings at the same time.
You can use your tentacles to constrict eight enemies at once.
Your skin changes colour to match your surroundings (Stealth+).
Your rubbery body absorbs attacks. (AC +1, EV +1)


Message History

You feel better. The sky beast hits you. The sky beast shocks you.
* * * LOW HITPOINT WARNING * * *
Blink to where?
Press: ? - help, Dir - move target cursor, p - sky beast
As you read the scroll of blinking, it crumbles to dust.
Casting: Sandblast
Confirm with . or Enter, or press ? or * to list all spells.
You don't know that spell.
Casting: Sandblast
Confirm with . or Enter, or press ? or * to list all spells.
Which direction?
You feel a surge of power!
You begin to meditate on the wall.
You continue meditating on the rock.
The sky beast hits you.
* * * LOW HITPOINT WARNING * * *
The sky beast shocks you.
* * * LOW HITPOINT WARNING * * *
You continue meditating on the rock.
The sky beast hits you.
You die...

##.###..## ......... ........#
..#.# #..#.#
####..#.##############
......#.#............#
.....#Y#.##########.# #####
#...#@#.# #.# ....#
###.#.#.#.#### #.# ....#
#............# #.# ....###
#............# #.# ......#
#............# #.#
......####............#######.#
..............................#
##....##########..#.###########
#....# #..#.#


You could see a sky beast.

Vanquished Creatures
  Purgy (D:4)
  A centaur (D:5)
  A howler monkey (D:5)
  A hound (D:5)
  An orc priest (D:3)
  A jelly (D:5)
  An orc wizard (D:3)
  Jessica (D:2)
  2 iguanas (D:4)
  Ijyb (D:3)
  A worker ant (D:4)
  3 gnolls (D:2)
  3 adders (D:2)
  4 oozes
  A worm (D:3)
  4 dart slugs
  5 leopard geckos
  6 orcs
  2 ball pythons
  4 giant cockroaches
  7 hobgoblins
  3 jackals (D:3)
  10 kobolds
  A quokka (D:2)
  6 bats
  5 frilled lizards
  9 goblins
  5 rats
90 creatures vanquished.

Notes
Turn   | Place    | Note
-------+----------+-------------------------------------------
     0 | D:1      | Atlas the Octopode Earth Elementalist began the quest for the Orb.
     0 | D:1      | Reached XP level 1. HP: 11/11 MP: 3/3
    74 | D:1      | Reached XP level 2. HP: 15/17 MP: 1/5
   353 | D:1      | Reached XP level 3. HP: 21/21 MP: 4/6
   915 | D:2      | Learned a level 2 spell: Passwall
   919 | D:2      | Learned a level 3 spell: Stone Arrow
  1136 | D:2      | Reached XP level 4. HP: 27/27 MP: 2/8
  1163 | D:2      | Reached skill level 4 in Earth Magic
  1424 | D:2      | Reached XP level 5. HP: 31/31 MP: 3/9
  1495 | D:2      | Noticed Jessica
  1500 | D:2      | Killed Jessica
  1713 | D:3      | Found a stormy altar of Qazlal.
  1889 | D:3      | Noticed Ijyb
  1897 | D:3      | Killed Ijyb
  2257 | D:3      | Reached XP level 6. HP: 34/37 MP: 7/11
  2618 | D:4      | Noticed Purgy
  2626 | D:4      | Killed Purgy
  2626 | D:4      | Reached skill level 5 in Earth Magic
  2731 | D:4      | Found Daorchon's Magic Scroll Shop.
  2739 | D:4      | Bought a scroll of blinking for 90 gold pieces
  2907 | D:4      | Found a staircase to the Ecumenical Temple.
  3197 | D:4      | Reached XP level 7. HP: 40/42 MP: 13/13
  3250 | D:4      | Found a deep blue altar of Sif Muna.
  3453 | D:5      | Entered Level 5 of the Dungeon
  3457 | D:5      | Reached skill level 1 in Staves
  3558 | D:5      | HP: 1/42 [sky beast (6)]
  3559 | D:5      | Slain by a sky beast

Vault maps used:
D:1:      dpeg_arrival_long_road, hangedman_abyss_or_decor_stabs
D:2:      kennysheep_big_flooded_room, kennysheep_jessica_study
D:3:      grunt_qazlal_sundering, nicolae_overflow_hidden_temple, uniq_robin,
          uniq_ijyb
D:4:      cheibrodos_quashed, marbit_many_paths,
          minmay_temple_entry_from_below_a, serial_shops, shop_fountains,
          first_bread, uniq_purgy
D:5:      serial_shops, shop

Skill      XL: |  1  2  3  4  5  6  7 |
---------------+----------------------+-----
Stealth        | 3 4 |  4.0
Earth Magic    | 4 5 |  5.7
Spellcasting   | 3 4 |  4.8
Staves         | 1 |  1.0
Fighting       | |  0.6
Short Blades   | |  0.4
Dodging        | |  2.9
Shields        | |  0.6
Unarmed Combat | |  0.2
Transmutations | |  1.0

Action                   |  1- 3 |  4- 6 |  7- 9 || total
-------------------------+-------+-------+-------++-------
Melee: Unarmed           |    12 |       |       ||    12
       Constrict         |     5 |     6 |     2 ||    13
       Tentacles         |     3 |     5 |     3 ||    11
       Short sword       |     7 |     8 |       ||    15
       Staff             |       |    38 |    11 ||    49
 Cast: Sandblast         |    36 |    58 |     6 ||   100
       Passwall          |       |       |     1 ||     1
  Use: Potion            |       |       |     2 ||     2
       Scroll            |       |       |     1 ||     1
 Stab: Sleeping          |     2 |     2 |     1 ||     5
  Eat: Chunk             |     1 |     6 |     1 ||     8
Armor: Skin              |       |     6 |       ||     6
Dodge: Dodged            |    18 |    36 |     5 ||    59
Block: Buckler           |       |     3 |     2 ||     5

Table legend:
 A = Spawn XP
 B = Non-spawn XP
 C = Spawn XP percentage of total XP
 D = Spawn monster count
 E = Non-spawn monster count
 F = Spawn count percentage of total count
 G = Total turns spent on level
                    A         B        C        D         E        F      G
               +---------+---------+-------+---------+---------+-------+---------
         Total |      19 |     889 |   2.1 |       9 |      81 |  10.0 |  3559
               +---------+---------+-------+---------+---------+-------+---------
           D:1 |       4 |      54 |   6.9 |       3 |      25 |  10.7 |   900
           D:2 |       3 |     152 |   1.9 |       2 |      23 |   8.0 |   740
           D:3 |       0 |     156 |   0.0 |       0 |      21 |   0.0 |   875
           D:4 |      12 |     272 |   4.2 |       4 |       8 |  33.3 |   938
           D:5 |       0 |     255 |   0.0 |       0 |       4 |   0.0 |   106
               +---------+---------+-------+---------+---------+-------+---------
